 Dungeon Crawl Stone Soup version 0.17-a0-2118-g63bad21 (webtiles) character file.

17400 axujen the Archer (level 12, -6/110 HPs)
             Began as a Centaur Warper on Oct 20, 2015.
             Was a High Priest of Okawaru.
             Mangled by a salamander (13 damage)
             ... in a volcano.
             The game lasted 01:47:25 (19896 turns).

axujen the Archer (Centaur Warper)                 Turns: 19896, Time: 01:47:25

Health: -6/110     AC: 10    Str: 18    XL:     12   Next: 18%
Magic:  10/14      EV:  9    Int: 12    God:    Okawaru [*****.]
Gold:   266        SH:  0    Dex: 13    Spells: 6 memorised, 1 level left

rFire  . . .     SeeInvis .     q - +3 shortbow (flame)
rCold  . . .     Clarity  .     y - +0 ring mail
rNeg   . . .     SustAt   .     (no shield)
rPois  .         Gourm    .     t - +1 helmet
rElec  .         Spirit   .     C - +2 cloak
rCorr  .         Warding  .     (no gloves)
rMut   .         Stasis   .     (no barding)
MR     .....                    Y - amulet of regeneration
Stlth  ..........               (no ring)
                                D - +3 ring of strength

@: very slightly contaminated, starving, very quick, not resistant to hostile
enchantments, extremely unstealthy
A: hooves 3, deformed body, speed 2, tough skin 3
a: Heroism, Finesse, Renounce Religion


You were in a volcano.
You worshipped Okawaru.
Okawaru was extremely pleased with you.
You were starving.

You visited 3 branches of the dungeon, and saw 14 of its levels.
You also visited: Sewer, Ossuary and Volcano.

You collected 619 gold pieces.
You spent 353 gold pieces at shops.

Inventory:

Hand Weapons
 e - a +0 hand axe of electrocution
 q - a +3 shortbow of flaming (weapon)
 w - a +2 dagger of venom
 B - a +0 blowgun
Missiles
 m - 22 arrows of flame
 u - 24 arrows of frost (quivered)
 z - 25 tomahawks
 E - 23 poisoned arrows {@Q2}
 Q - 38 poisoned needles
 U - 40 arrows {@Q1}
Armour
 o - a mottled dragon hide
 t - a +1 helmet (worn)
 x - a +0 helmet
 y - a +0 ring mail (worn)
 C - a +2 cloak (worn)
Magical Staves
 k - an uncursed staff of cold
 r - an uncursed staff of fire
Rods
 V - a -2 rod of the swarm (12/12)
   (You found it on level 9 of the Dungeon)
Jewellery
 D - a +3 ring of strength (left hand)
 O - an uncursed ring of teleportation
 Y - an amulet of regeneration (around neck)
Wands
 p - a wand of teleportation (9)
 v - a wand of confusion (21)
 F - a wand of hasting (5)
 G - a wand of flame (23)
Scrolls
 s - 13 scrolls of teleportation
 H - a scroll of fog
 I - 3 scrolls of amnesia
 P - 7 scrolls of remove curse
 R - a scroll of magic mapping
 Z - a scroll of fear
Potions
 a - 2 potions of might
 g - 6 potions of curing
 h - a potion of flight
 i - 3 potions of lignification
 n - 2 potions of invisibility
 A - a potion of ambrosia
 J - 2 potions of brilliance
 K - a potion of agility
 L - a potion of heal wounds
 M - a potion of poison {unknown}
 N - 2 potions of berserk rage
 S - 2 potions of magic
 X - a potion of mutation {unknown}
Books
 W - a book of Party Tricks

   Spells                             Type                      Level
   a - Summon Butterflies             Summoning                    1
   b - Apportation                    Translocation                1
   c - Tukima's Dance                 Hexes                        3
   d - Alistair's Intoxication        Transmutation/Poison         4
   e - Invisibility                   Hexes                        6
Comestibles
 f - 9 bread rations
 l - 7 meat rations
 T - 26 fruits


   Skills:
 - Level 11.0 Fighting
 - Level 1.7 Maces & Flails
 - Level 14.0 Bows
 - Level 1.1 Throwing
 - Level 0.6 Armour
 - Level 2.5 Dodging
 - Level 1.5 Spellcasting
 + Level 3.2 Summonings
 - Level 11.2 Translocations


You had one spell level left.
You knew the following spells:

 Your Spells              Type           Power        Failure   Level  Hunger
a - Summon Butterflies    Summ           #.......     14%         1    ##.....
b - Blink                 Tloc           N/A          1%          2    ###....
c - Passage of Golubria   Tloc           N/A          6%          4    #####..
z - Apportation           Tloc           ####......   1%          1    ##.....
H - Portal Projectile     Tloc           ####..       1%          3    ####...
J - Shroud of Golubria    Chrm/Tloc      ##........   10%         2    ###....


Dungeon Overview and Level Annotations

Branches:
Dungeon (12/15)            Temple (1/1) D:4            Lair (1/8) D:10
    Orc (0/4) D:11

Altars:
Ashenzari
Cheibriados
Dithmenos
Elyvilon
Fedhas
Gozag
Kikubaaqudgha
Makhleb
Nemelex Xobeh
Okawaru
Qazlal
Ru
Sif Muna
Trog
Vehumet
Xom
Yredelemnul
The Shining One
Beogh
Lugonu

Shops:
D:4 *   D:9 ?   D:12 *

Annotations:
D:4 exclusion: 4 doors
D:5 !Grinder, Grinder
D:8 !Killer Bee
D:12 Psyche


Innate Abilities, Weirdness & Mutations

You have hooves in place of feet.
Armour fits poorly on your strangely shaped body.
You cover ground very quickly.
You have extremely tough skin (AC +3).


Message History

Found a rocky tunnel leading out of this place.
You see here a plate armour of fire resistance.
Unknown command.
Read which item? (? for menu, Esc to quit)
Okay, then.
Read which item? (? for menu, Esc to quit)
Okay, then.
Casting: Passage of Golubria
Confirm with . or Enter, or press ? or * to list all spells.
Aiming: Passage of Golubria
Press: ? - help, Dir - move target cursor You are starving!
The salamander hits you!
* * * LOW HITPOINT WARNING * * *
You are engulfed in flames!
* * * LOW HITPOINT WARNING * * *
The salamander hits you!
* * * LOW HITPOINT WARNING * * *
You are engulfed in flames!
You die...

## # ≈§§≈## ≈## ##§§≈§§≈# ≈≈###
§≈§.§§§§ ≈≈≈≈## #§..$§# ≈≈≈≈≈#
##[($# ≈≈§≈§## #.#∩#)# ≈≈≈§§§#
##.### #######
≈################N##### ###..##..
..######..^.....c.^...###..##..§.
##........≈≈≈≈§§§≈.......#####∩..
###....§§≈≈≈§§§§≈≈....### #≈..
##..§§§≈≈≈≈≈≈≈≈≈≈≈....# ##§§
#..§≈§≈§≈§≈≈≈≈§.....## ##§
##.§§§§≈§§§≈≈≈§§.....# #
##...≈≈§≈§≈≈≈≈§§...##
##..)§§§§≈≈≈§...###
#....§§.§§....#.## ###


You could see a salamander (berserk).

Vanquished Creatures
  3 hydras
  A salamander mystic (Volcano)
  Pikel (D:6)
  2 hill giants
  An orc knight (D:11)
  2 ugly things (D:11)
  2 salamanders (Volcano)
  A spiny frog (Lair:1)
  A centaur zombie (D:11)
  A gargoyle (D:11)
  3 trolls
  A tengu conjurer (D:10)
  A two-headed ogre (D:10)
  10 yaks
  2 deep elf magi (D:10)
  A wyvern (D:9)
  Grum (D:11)
  A mottled dragon (D:12)
  2 hungry ghosts
  2 wolves
  2 hippogriffs
  An eye of draining (D:9)
  2 necrophages
  Purgy (Sewer)
  2 water moccasins (Lair:1)
  4 slaves (D:6)
  9 orc warriors
  4 ogres
  3 ice beasts
  A phantom (D:7)
  3 crocodiles
  5 centaurs
  2 big kobolds (D:10)
  10 giant frogs
  A gnoll sergeant (D:6)
  A wyvern zombie (D:9)
  4 water moccasin zombies (Ossuary)
  4 wights (D:7)
  3 scorpions
  A killer bee (D:8)
  A crimson imp (D:11)
  2 giant frog skeletons (D:7)
  A giant frog zombie (D:6)
  3 centaur skeletons
  3 hounds
  12 orc wizards
  Ijyb (D:3)
  8 orc priests
  A gnoll shaman (D:6)
  3 jellies
  10 worker ants
  Natasha (thrice) (D:3)
  3 iguanas
  A big kobold zombie (Ossuary)
  A hound zombie (D:6)
  A mummy (D:4)
  A worker ant zombie (D:8)
  3 hound skeletons
  Robin (D:4)
  17 adders
  11 gnolls (D:6)
  A river rat (Lair:1)
  7 adder zombies (Ossuary)
  An adder skeleton (D:6)
  A worm (D:2)
  8 giant geckos
  67 orcs
  2 ball pythons (Sewer)
  7 bats
  2 giant cockroaches
  4 gnoll zombies (Ossuary)
  14 hobgoblins
  13 jackals
  5 quokkas
  A giant gecko skeleton (D:7)
  5 giant newts
  24 goblins
  A goblin zombie (D:4)
  5 hobgoblin zombies
  13 kobolds
  4 kobold zombies (Ossuary)
  2 orc zombies (Ossuary)
  13 rats
389 creatures vanquished.

Vanquished Creatures (others)
  An unseen horror (D:10)
  An adder zombie (Ossuary)
2 creatures vanquished.

Grand Total: 391 creatures vanquished

Notes
Turn   | Place    | Note
--------------------------------------------------------------
     0 | D:1      | axujen the Centaur Warper began the quest for the Orb.
     0 | D:1      | Reached XP level 1. HP: 17/17 MP: 3/3
   273 | D:1      | Reached XP level 2. HP: 20/25 MP: 4/4
   297 | D:1      | Learned a level 2 spell: Blink
   473 | D:1      | Reached skill level 3 in Fighting
  1132 | D:1      | Reached XP level 3. HP: 31/31 MP: 5/5
  1776 | D:2      | Reached skill level 4 in Fighting
  1886 | D:2      | Reached XP level 4. HP: 40/40 MP: 6/6
  2593 | D:2      | Reached skill level 5 in Fighting
  2933 | D:3      | Reached XP level 5. HP: 45/48 MP: 7/7
  3033 | D:3      | Found a faded altar to an unknown god.
  3282 | D:3      | Noticed Natasha
  3289 | D:3      | Killed Natasha
  3289 | D:3      | Reached skill level 6 in Fighting
  3299 | D:3      | Noticed Natasha
  3312 | D:3      | Killed Natasha
  3408 | D:3      | Noticed Natasha
  3418 | D:3      | Killed Natasha
  3708 | D:3      | Noticed Ijyb
  3750 | D:3      | Killed Ijyb
  3750 | D:3      | Reached XP level 6. HP: 49/57 MP: 8/8
  4044 | D:4      | Found a staircase to the Ecumenical Temple.
  4060 | Temple   | Entered the Ecumenical Temple
  4080 | Temple   | Became a worshipper of Warmaster Okawaru
  4221 | D:4      | Found a sand-covered staircase.
  4238 | Ossuary  | Entered an ossuary
  4555 | Ossuary  | Reached skill level 5 in Translocations
  4555 | Ossuary  | Reached XP level 7. HP: 35/63 MP: 9/9
  5397 | D:4      | Found Eqoysmoe's General Store.
  5405 | D:4      | Bought a scroll of magic mapping for 38 gold pieces
  5405 | D:4      | Bought a potion of berserk rage for 55 gold pieces
  5405 | D:4      | Bought a scroll of identify for 22 gold pieces
  6345 | D:4      | Noticed Robin
  6404 | D:4      | Killed Robin
  6404 | D:4      | Reached * piety under Okawaru
  6826 | D:5      | Entered Level 5 of the Dungeon
  6879 | D:5      | Reached skill level 7 in Translocations
  7019 | D:5      | Found a sacrificial altar of Ru.
  7036 | D:5      | Reached XP level 8. HP: 42/70 MP: 10/10
  7227 | D:5      | Noticed Grinder
  7299 | D:6      | Found a glowing drain.
  7330 | Sewer    | Entered a sewer
  7390 | Sewer    | Noticed Purgy
  7410 | Sewer    | Killed Purgy
  7669 | D:6      | Reached skill level 5 in Bows
  7756 | D:7      | Found a stormy altar of Qazlal.
  8417 | D:6      | Reached ** piety under Okawaru
  8745 | D:6      | Reached skill level 8 in Bows
  8757 | D:6      | Learned a level 4 spell: Passage of Golubria
  8761 | D:6      | Learned a level 3 spell: Portal Projectile
  8903 | D:6      | Found a bloodstained altar of Trog.
  8912 | D:6      | Found a basalt altar of Yredelemnul.
  8912 | D:6      | Found a shattered altar of Ashenzari.
  8912 | D:6      | Found a glowing golden altar of the Shining One.
  8916 | D:6      | Found a snail-covered altar of Cheibriados.
  8917 | D:6      | Found a shadowy altar of Dithmenos.
  9020 | D:6      | Reached skill level 9 in Bows
  9346 | D:6      | Reached XP level 9. HP: 56/75 MP: 11/11
  9601 | D:6      | Reached skill level 10 in Bows
  9851 | D:7      | Found a blossoming altar of Fedhas.
  9935 | D:7      | Noticed Pikel
 10408 | D:6      | Reached skill level 11 in Bows
 10429 | D:6      | Killed Pikel
 10429 | D:6      | Reached *** piety under Okawaru
 10429 | D:6      | Reached skill level 12 in Bows
 10968 | D:6      | Received a gift from Okawaru
 11221 | D:7      | Reached skill level 13 in Bows
 12033 | D:8      | Reached XP level 10. HP: 78/83 MP: 12/12
 12042 | D:9      | Found Larrer's Magic Scroll Shop.
 12107 | D:9      | Bought a scroll of remove curse for 51 gold pieces
 12107 | D:9      | Bought a scroll of teleportation for 51 gold pieces
 12107 | D:9      | Bought 2 scrolls of teleportation for 102 gold pieces
 12107 | D:9      | Bought a scroll of identify for 34 gold pieces
 12152 | D:9      | Reached skill level 14 in Bows
 12214 | D:9      | Identified a -2 rod of the swarm (12/12) (You found it on level 9 of the Dungeon)
 12415 | D:9      | Reached **** piety under Okawaru
 12695 | D:9      | Learned a level 2 spell: Shroud of Golubria
 13309 | D:9      | Found an opulent altar of Gozag.
 13729 | D:10     | Entered Level 10 of the Dungeon
 13800 | D:10     | Noticed a hill giant
 13908 | D:9      | Killed a hill giant
 14031 | D:10     | Received a gift from Okawaru
 14129 | D:10     | Found a staircase to the Lair.
 14664 | D:10     | Noticed a hill giant
 14705 | D:10     | Killed a hill giant
 14857 | D:10     | Reached skill level 10 in Translocations
 15139 | D:10     | Reached ***** piety under Okawaru
 15139 | D:10     | Received a gift from Okawaru
 15276 | D:10     | Reached XP level 11. HP: 56/91 MP: 13/13
 15690 | D:10     | Killed an unseen horror
 16264 | D:11     | Received a gift from Okawaru
 16794 | D:10     | Received a gift from Okawaru
 16923 | D:11     | Noticed a four-headed hydra
 16939 | D:11     | Killed a four-headed hydra
 16939 | D:11     | Received a gift from Okawaru
 16992 | D:11     | Noticed Grum
 17125 | D:11     | Killed Grum
 17205 | D:11     | Received a gift from Okawaru
 17219 | D:11     | Got a translucent buckler {god gift}
 17226 | D:11     | Identified the +2 buckler of the Game Afoot {rF+} (Okawaru gifted it to you on level 11 of the Dungeon)
 17304 | D:11     | Found a blossoming altar of Fedhas.
 17676 | D:11     | Noticed a four-headed hydra
 17707 | D:11     | Killed a four-headed hydra
 17707 | D:11     | Reached skill level 10 in Fighting
 18390 | D:11     | Found a roughly hewn altar of Beogh.
 18390 | D:11     | Found a staircase to the Orcish Mines.
 18579 | D:12     | Noticed Psyche
 18817 | D:12     | Found Suqogh's Assorted Antiques.
 18899 | Lair:1   | Entered Level 1 of the Lair of Beasts
 19194 | Lair:1   | Noticed a seven-headed hydra
 19237 | Lair:1   | Killed a seven-headed hydra
 19237 | Lair:1   | Reached XP level 12. HP: 110/110 MP: 9/14
 19293 | Lair:1   | Learned a level 1 spell: Summon Butterflies
 19428 | Lair:1   | Reached skill level 1 in Summonings
 19622 | Lair:1   | Found a dark tunnel.
 19640 | Volcano  | Entered a volcano
 19896 | Volcano  | Mangled by a salamander

Vault maps used:
D:1:      dpeg_arrival_windows_large_door, minmay_misc_feat_pillars,
          minmay_misc_feat_columns, grunt_decor_one_mirror
D:3:      kennysheep_goblin_castle, ecumenical_altar_1, minmay_hedge_maze,
          uniq_natasha
D:4:      minmay_temple_entry_crystal_x, first_bread,
          nicolae_ossuary_entry_giza, serial_shops, nicolae_shop_crystal,
          dk_vineyard_2, uniq_robin
D:5:      lemuel_round_altar, trog_wizard, uniq_grinder
D:6:      minitemple, portal_sewer_entry_f
D:7:      grunt_temple_overflow_forces_of_nature, uniq_pikel
D:8:      zin_statuary
D:9:      grunt_gozag_statues, serial_shops, nicolae_shop_trees
D:10:     lair_0_dummy
D:11:     david_orc_5, hangedman_tree_tricks, uniq_grum
D:12:     serial_shops, shop, shop, shop, nicolae_shop_overgrown_old_shop,
          nicolae_shop_statue_plus, uniq_psyche, uniq_sonja
Temple:   corrupted_temple
Lair:1:   nicolae_volcano_entry_lava_flow, hangedman_lair_generics_rect
Sewer:    sewer_co_purgy_island
Ossuary:  ossuary_tomb_2
Volcano:  volcano_pools

Action                   |  1- 3 |  4- 6 |  7- 9 | 10-12 || total
-------------------------+-------+-------+-------+-------++-------
Melee: Mace              |   100 |       |       |       ||   100
       Dagger            |    14 |   319 |   579 |   344 ||  1256
       Hand axe          |       |       |    66 |    43 ||   109
 Fire: Shortbow          |       |       |   156 |   456 ||   612
Throw: Tomahawk          |       |       |     3 |       ||     3
 Cast: Apportation       |       |       |    10 |    84 ||    94
       Blink             |       |       |     2 |     2 ||     4
       Portal Projectile |       |       |     2 |       ||     2
       Passage of Golubr |       |       |       |    26 ||    26
Invok: Heroism           |       |       |     1 |     1 ||     2
Evoke: Wand              |       |       |       |     2 ||     2
       Rod               |       |       |       |     1 ||     1
  Use: Scroll            |       |     5 |     8 |    17 ||    30
       Potion            |       |       |       |     1 ||     1
  Eat: Chunk             |     2 |     7 |    22 |    29 ||    60
       Fruit             |       |       |     3 |     1 ||     4
       Beef jerky        |       |       |     1 |     1 ||     2
       Pizza             |       |       |       |     3 ||     3
